Unix NetHack Version 5.0.0-0 post-release - last build Jun 10 2026 00:39:30 (3ee93aec679c4c4259841fe613dc97188e26a321,branch:main).

Game began 2026-07-09 15:38:52, ended 2026-07-09 16:04:52.

DiePARTEI, neutral male human Tourist

    --                                   ----
  ---.-               ----- --------------..-------
  |....                ....--.....................|
   ....   -----         -..|....#.....--------    |
   -...----...|        --....{........|..|
   -....|.....|        |..#...[)----..|..
     |.<....-          |......[.|  |..|..  ---
     ---....|  |     ----...--|-|  |..-|--  ..
       |....---|.-   |..|...|(..|-+-.....---|--
      --.......|..-  |......|(((|.............|
      |........| ..----.....|!((|+------..{...|
      --.......| -.|........|----  |((.|.Sf...--+-   |
       |..--.-.---....).....|      |.(.-@............-
       ------.....-..-----..|      |...|..--|---+-
            -........|   |..|      -----..|...|
           |.........|   +..-          ...|/$[|
           --.|.---..|   |...         ....|!)*|
            ----- --.|   |...       ......|----
                   ---   -----     --------

DiePARTEI the Excursionist  St:11 Dx:11 Co:16 In:13 Wi:10 Ch:15  Neutral
Dlvl:7  $:0  HP:0(44) Pw:29(29) AC:1  Xp:6 T:1552  Burdened

Latest messages:
 The snake misses!
 You hit the snake.
 The snake bites!
 The housecat misses the snake.
 The snake bites!
 The housecat misses the snake.
 You miss the snake.
 The snake bites!
 The housecat bites the snake.
 The snake misses the housecat.
 In what direction? 9
 The dart misses the snake.
 The snake bites!
 The housecat misses the snake.
 In what direction? 9
 The dart misses the snake.
 The snake misses!
 The housecat misses the snake.
 Are you sure you want to pray? [yn] (n) y
 You begin praying to The Lady.
 You are surrounded by a shimmering light.
 The snake starts to attack you, but pulls back.
 The housecat misses the snake.
 The snake starts to attack you, but pulls back.
 The housecat bites the snake.
 The snake misses the housecat.
 The housecat misses the snake.
 The snake starts to attack you, but pulls back.
 The housecat misses the snake.
 The snake starts to attack you, but pulls back.
 You finish your prayer.
 You feel that The Lady is well-pleased.
 In what direction? 9
 The dart misses the snake.
 The snake misses!
 The housecat misses the snake.
 The snake misses!
 The housecat bites the snake.
 The snake misses the housecat.
 In what direction? 9
 The dart hits the snake.
 The snake bites!
 The housecat misses the snake.
 The snake bites!
 You die...
 Do you want your possessions identified? [ynq] (y) y
 Do you want to see your attributes? [ynq] (y) y
 Do you want an account of creatures vanquished? [ynaq] (y) y
 Do you want to see your conduct and achievements? [ynq] (y) y
 Do you want to see the dungeon overview? [ynq] (y) y

Inventory:
 Weapons  (')')
  a - 8 +2 darts (at the ready)
  x - 4 +0 darts
  B - 8 cursed +1 darts
 Armor    ('[')
  K - a cursed +0 dwarvish iron helm (being worn)
  L - an uncursed +0 pair of iron shoes (being worn)
  T - an uncursed +0 shield of shock resistance
  u - an uncursed burnt +0 cloak of displacement (being worn)
  i - an uncursed +0 Hawaiian shirt with a sailboat motif (being worn)
  S - an uncursed +0 elven mithril-coat (being worn)
 Comestibles  ('%')
  z - an uncursed slime mold
  X - an uncursed carrot
  w - 2 uncursed cram rations
  e - 2 uncursed fortune cookies
  d - 4 uncursed tripe rations
  b - an uncursed tin of boiled newt meat
 Spellbooks  ('+')
  U - an uncursed spellbook of cancellation
 Rings    ('=')
  A - an uncursed ring of polymorph control
  G - an uncursed ring of sustain ability
 Wands    ('/')
  y - a wand of stasis (0:4)
 Tools    ('(')
  s - an uncursed bag of holding containing 13 items
  C - an empty uncursed sack
  W - an uncursed wooden harp
  D - an uncursed blindfold
  v - an uncursed brass lantern
  E - an expensive camera (0:59)
  j - an expensive camera (0:34)
  I - an uncursed magic whistle
  p - an uncursed skeleton key
 Gems/Stones  ('*')
  Q - an uncursed diamond
  f - an uncursed garnet stone
  g - 2 uncursed jade stones
  r - an uncursed jasper stone
  n - an uncursed opal
  t - an uncursed sapphire
  R - 2 uncursed topaz stones
  V - an uncursed worthless piece of black glass
  P - 3 uncursed worthless pieces of green glass
  q - an uncursed worthless piece of red glass
  Z - 3 uncursed worthless pieces of violet glass
  H - 2 uncursed worthless pieces of yellow glass
  o - an uncursed worthless piece of yellowish brown glass

Contents of the bag of holding:
  1198 gold pieces
  10 uncursed food rations
  an uncursed scroll of destroy armor
  an uncursed scroll of fire
  an uncursed scroll of magic mapping
  a cursed potion of hallucination
  a cursed potion of invisibility
  an uncursed potion of monster detection
  an uncursed potion of restore ability
  an uncursed potion of sleeping
  a potion of holy water
  2 uncursed potions of water
  a +0 pick-axe

DiePARTEI the Tourist's attributes:

Background:
 You were an Excursionist, a level 6 male human Tourist.
 You were neutral, on a mission for The Lady
 who was opposed by Blind Io (lawful) and Offler (chaotic).
 You were right-handed.
 You were in the Gnomish Mines, on level 7.
 You entered the dungeon 1552 turns ago.
 You had 470 experience points, 170 more were needed to attain level 7.

Basics:
 You had 0 out of 44 hit points.
 You had all 29 energy points (spell power).
 Your armor class was 1.
 Your wallet was empty, but
 you had 1198 zorkmids stashed away in your pack.
 Autopickup was off.

Final Characteristics:
 Your strength was 11 (limit:18/100).
 Your dexterity was 11 (limit:18).
 Your constitution was 16 (limit:18).
 Your intelligence was 13 (limit:18).
 Your wisdom was 10 (limit:18).
 Your charisma was 15 (limit:18).

Final Status:
 You weren't hungry.
 You were burdened; movement was slightly slowed.
 You were bare handed.
 You had basic skill with bare handed combat.

Final Attributes:
 You were devoutly aligned.
 You were displaced.
 You were guarded.
 You were fast.
 You are dead.

Miscellaneous:
 You didn't encounter any bones levels.
 Total elapsed playing time was 25 minutes and 59 seconds.

Major events:
 Turn
    1: DiePARTEI the neutral male human Tourist entered the dungeon
  688: entered the Gnomish Mines
  707: attained the rank of Sightseer (level 3)
 1108: attained the rank of Excursionist (level 6)
 1176: reached Mine Town
 1552: killed by a snake

You didn't know any spells.

Skills:
 Fighting Skills
   bare handed combat [Basic]
   two weapon combat  [Unskilled]
   riding             [Unskilled]
 Weapon Skills
   dagger             [Unskilled]
   knife              [Unskilled]
   axe                [Unskilled]
   pick-axe           [Unskilled]
   short sword        [Unskilled]
   broadsword         [Unskilled]
   long sword         [Unskilled]
   two-handed sword   [Unskilled]
   saber              [Unskilled]
   mace               [Unskilled]
   morning star       [Unskilled]
   flail              [Unskilled]
   hammer             [Unskilled]
   quarterstaff       [Unskilled]
   polearms           [Unskilled]
   spear              [Unskilled]
   trident            [Unskilled]
   lance              [Unskilled]
   bow                [Unskilled]
   sling              [Unskilled]
   crossbow           [Unskilled]
   dart               [Basic]
   shuriken           [Unskilled]
   boomerang          [Unskilled]
   whip               [Unskilled]
   unicorn horn       [Unskilled]
 Spellcasting Skills
   divination spells  [Unskilled]
   enchantment spells [Unskilled]
   escape spells      [Unskilled]

Voluntary challenges:
 Character rerolling was not enabled.
 You never hit with a wielded weapon.
 You never genocided any monsters.
 You never polymorphed an object.
 You never changed form.
 You used no wishes.
Achievements:
 You entered the Gnomish Mines.
 You attained the rank of Sightseer.
 You attained the rank of Excursionist.
 You entered Minetown.
 You entered a shop.

 The Dungeons of Doom: levels 1 to 3
    Level 1:
    Level 2:
    Level 3:
       Stairs down to The Gnomish Mines.
 The Gnomish Mines: levels 4 to 7
    Level 4:
    Level 5:
    Level 6:
    Level 7: <- You were here.
       Many shops, some fountains, some trees.
       Final resting place for
          you, killed by a snake.


Vanquished creatures:
  a rock mole
 11 gnome leaders
  a floating eye
  9 dwarves
  2 hobbits
 33 gnomes
  2 gnome zombies
  3 geckos
  2 jackals
  a goblin
  6 grid bugs
  4 lichens
  5 newts
80 creatures vanquished.

No species were genocided or became extinct.

Game over:
                       ----------
                      /          \
                     /    REST    \
                    /      IN      \
                   /     PEACE      \
                  /                  \
                  |    DiePARTEI     |
                  |     1198 Au      |
                  |   killed by a    |
                  |      snake       |
                  |                  |
                  |                  |
                  |       2026       |
                 *|     *  *  *      | *
        _________)/\\_//(\/(/\)/\//\/|_)_______

Aloha DiePARTEI the Tourist...

You died in The Gnomish Mines on dungeon level 7 with 2713 points,
and 1198 pieces of gold, after 1552 moves.
You were level 6 with a maximum of 44 hit points when you died.

